AoeStats
← Miguel Angel

Arabia

509956729Analyzed
2v2 RM · 3d ago on Sep 28, 2026· 40m 2s· 4 players
Game mode
Random Map
Map size
Medium (4 player)
Population
200
Speed
Normal
Resources
Standard
Victory
Conquest
Starting age
Dark Age
Ending age
Imperial Age
RankedLock teamsTeams togetherTeam positionsShared explorationLock speedFull tech treeHidden civsTurbo modeCheats
Victory
Defeat
🇵🇪 Saracens · Peru
877
+14
🇺🇸 Franks · United States
777
+19
🇩🇪 Slavs · Germany
875
-18
🇩🇪 Franks · Germany
802
-15
dani33033
11:11 Feudal Age
15:25 Castle Age
15:09 Loom
16:00 Wheelbarrow
18:38 Hand Cart
18:12 Double-Bit Axe
19:18 Horse Collar
21:56 Town Watch
28:14 Pikeman
30:28 Detinets
31:01 Heavy Plow
31:16 Bow Saw
40:08 Imperial Age
L3tzf3tz
11:09 Feudal Age
17:11 Castle Age
15:11 Double-Bit Axe
16:06 Gold Mining
17:49 Pikeman
18:30 Squires
20:56 Loom
24:02 Forging
24:18 Bow Saw
28:10 Husbandry
29:19 Wheelbarrow
33:01 Hand Cart
38:53 Gold Shaft Mining
38:17 Town Watch
41:05 Imperial Age
DevotedManx6511
11:04 Feudal Age
17:48 Castle Age
16:28 Double-Bit Axe
17:06 Gold Mining
19:46 Bow Saw
19:48 Husbandry
21:33 Scale Barding Armor
26:07 Gold Shaft Mining
29:05 Wheelbarrow
34:01 Chain Barding Armor
34:06 Hand Cart
38:30 Imperial Age
38:39 Cavalier
39:57 Plate Barding Armor
39:49 Elite Throwing Axeman
39:50 Ordonnance Companies
Miguel Angel
4:30 Loom
10:54 Feudal Age
13:35 Horse Collar
14:25 Double-Bit Axe
20:31 Castle Age
19:04 Stone Mining
19:21 Gold Mining
23:07 Forging
24:24 Iron Casting
26:41 Husbandry
26:38 Town Watch
28:10 Wheelbarrow
31:06 Scale Barding Armor
36:58 Imperial Age
38:28 Conscription
38:35 Pikeman
Connection lost

Rejoining the realm…

Still unreachable

The connection could not be restored.

Session expired

The server has moved on; the page needs a fresh start.